← All builds
Tech / Armada / Economy first / OBSERVED BUILD

Standard tech

Armada Tech (Eco) build order · Supreme Isthmus

Rushes T2 factory and T2 constructor to supply the team, upgrading mexes first and sending the first T2 constructor to Geo before scaling its own eco.

Usually first T2 con to Geo (82%)

#eco #t2 #team support · 1779 distinct matches · 271 players · 59% of Armada Tech games · team won 54% of 2103 · Recently observed

HOW TO PLAY IT

Key timing: T2 factory by 4:15

  1. Open 3 mex and heavy wind to fund a fast T2 rush.
  2. Put down Bot Lab, planning to eat it for reclaim soon after.
  3. Get Advanced Bot Lab up, hitting the T2 factory rush timing.
  4. Upgrade mex to Advanced Metal Extractor to lock in team metal income.
  5. Eat Advanced Bot Lab and keep sending cons to Geo and Pond.

Phase by phase

TYPICAL OF ITS 1779 GAMES
  1. 1
  2. 2
  3. 3
  4. 4
PLAY THE OPENING

Follow the example game's first 6:00 step by step: what to build now, what comes next, and where it goes. At 1× it keeps pace with your own game.

  1. 1

    Up to the Bot Lab

    Economy
    • Metal Extractor3Mex
    • Wind Turbine4Wind
    Order
    1. Bot LabBot Lab after 3 mex, 4 winddone ~1:18, middle half 1:13–1:32

    Some games also: energy storage (32%)

    By 1:01 in all: 3 mex · 4 wind

    The example game in this phase · 4 steps
    1. Mex ×2
    2. Solar
    3. Wind
    4. Bot LabBot Labdone 0:52 · typical 1:18
  2. 2

    Bot Lab to Advanced Bot Lab

    Economy
    • Metal Extractor1Mex
    • Wind Turbine8Wind
    • Energy Storage1Energy storage
    Order
    1. Advanced Bot LabAdvanced Bot Lab after 4 mex, 12 wind, 3 con turretdone ~4:16, middle half 4:04–4:30
    Builders
    • Construction Turret3 Con turret
    • Lazarus3 Lazarus
    • Construction Bot2 Con bot
    • Construction Bot1 Con bot for allies

    Some games also: converter (36%)

    By 3:18 in all: 4 mex · 12 wind · 1 energy storage · 3 con turret

    The example game in this phase · 16 steps
    1. PawnPawn
    2. Construction BotCon botfor Air
    3. Wind ×2
    4. LazarusLazarus
    5. Wind
    6. Mex
    7. Wind
    8. LazarusLazarus ×3
    9. Construction BotCon bot
    10. Mex
    11. Con turret
    12. Bot LabEat Bot Labreclaimed for its metal
    13. Con turret ×2
    14. Wind ×6
    15. Converter ×6
    16. Advanced Bot LabAdvanced Bot Labdone 4:27 · typical 4:16
  3. 3

    Advanced Bot Lab to 5:00

    Economy
    • Wind Turbine3Wind
    Order
    1. Bot LabEat Bot Lab
    Builders
    • Advanced Construction Bot1 T2 con bot for allies

    Some games also: converter (35%)

    By 5:00 in all: 4 mex · 15 wind · 1 converter · 1 energy storage · 3 con turret

    The example game in this phase · 3 steps
    1. Advanced Construction BotT2 con botfor Geo
    2. Wind
    3. Advanced Metal ExtractorT2 mexdone 5:41 · typical 5:28
  4. 4

    5:00 to 10:00

    Economy
    • Wind Turbine43Wind
    • Energy Converter6Converter
    Builders
    • Butler9 Butler
    • Advanced Construction Bot4 T2 con bot for allies
    • Advanced Construction Bot1 T2 con bot

    Some games also: con turret (42%) · Butler for allies (36%)

    By 10:00 in all: 4 mex · 59 wind · 8 converter · 1 energy storage · 3 con turret

    The example game in this phase · 100 steps
    1. Advanced Construction BotT2 con botfor Air
    2. Wind ×2
    3. Advanced Metal ExtractorT2 mex ×2
    4. ButlerButler
    5. Advanced Metal ExtractorT2 mex
    6. SharpshooterSniper botfor Ponddone 8:03
    7. GunslingerGunslingerfor Ponddone 8:50
    8. Wind ×5
    9. Advanced Construction BotT2 con botfor Pond
    10. Wind ×2
    11. Con turret
    12. Wind
    13. ButlerButler
    14. Wind
    15. ButlerButler ×2
    16. Wind ×2
    17. ButlerButler
    18. Wind ×2
    19. ButlerButler
    20. Wind
    21. Con turret
    22. Wind ×2
    23. ButlerButlerfor Beach sea
    24. Wind ×2
    25. Con turret
    26. Wind
    27. ButlerButler
    28. Wind
    29. Advanced Construction BotT2 con botfor Beach sea
    30. Wind ×3
    31. Con turret
    32. Wind ×2
    33. Con turret
    34. Wind ×4
    35. ButlerButlerfor Beach sea
    36. Wind ×2
    37. ButlerButler
    38. Wind ×2
    39. ButlerButler
    40. Wind ×3
    41. ButlerButler
    42. Wind ×3
    43. ButlerButler
    44. Wind ×3
    45. Advanced Construction BotT2 con bot
    46. Wind ×6
    47. ButlerButler
    48. Wind ×5
    49. Hardened Energy Storage
    50. ButlerButler
    51. Wind ×16
    52. Windfor Beach sea
    53. Wind ×17
    54. ButlerButler
    55. Wind ×3
    56. ButlerButler
    57. Wind ×24
    58. T2 converter
    59. ButlerButler
    60. Wind ×9
    61. Converter
    62. Wind ×7
    63. Converter
    64. Wind ×9
    65. Converter
    66. Wind ×2
    67. Windfor Beach sea
    68. Wind ×3
    69. Converter
    70. ButlerButler
    71. Converter
    72. Wind ×7
    73. ButlerButler
    74. Wind ×2
    75. Converter ×2
    76. Experimental GantryExperimental Gantrynot finished by 15:00
    77. Windfor Beach sea
    78. Wind
    79. ButlerButler
    80. Wind ×2
    81. Converter ×2
    82. Wind ×5
    83. Metal storage
    84. Wind
    85. Converter
    86. Wind
    87. Converter
    88. Wind ×2
    89. T2 converter
    90. Wind ×3
    91. Converter
    92. Wind ×2
    93. Converter
    94. Wind ×3
    95. Converter
    96. Wind ×2
    97. Advanced Bot LabEat Advanced Bot Labreclaimed for its metal
    98. Converter
    99. Wind ×4
    100. T2 converter

Counts are medians over the build's games: half of them build more, half fewer. The example game is Uncle_Cane's (38 OS, 15/10/2026); pick another.

Team trades

IN AT LEAST 30% OF ITS GAMES

You hand over

  • Construction Bot1 Con bot to Airfirst at 2:23 · in 83% of games
  • Advanced Construction Bot5 T2 con bot to Air or Pond or Geo seafirst at 4:51 · in 99% of games
  • Butler2 Butler to Geo sea or Beach sea or Pondfirst at 9:06 · in 42% of games

You get

  • Hercules1 Light transport from Airfirst at 4:01 · in 86% of games

How it plays out

Typical game of this build, running totals by minute

Metal produced

020k40k
0:005:0010:0015:00

metal

Enemy metal destroyed

050100
0:005:0010:0015:00

metal

Own metal lost

050100150
0:005:0010:0015:00

metal

2103 games.

Show as table
ByMetal produced: This buildEnemy metal destroyed: This buildOwn metal lost: This build
1:0038300
2:0091500
3:00165500
4:00314800
5:00484700
6:00580500
7:00724700
8:00908400
9:001121800
10:001354500
11:001626000
12:001967800
13:002346800
14:0027372074
15:003159093130
WHAT THE NUMBERS SAY

Standard Tech play barely fights at all early, instead pouring metal into T2 infrastructure and constructors for the team.

  • + Metal produced hits 31679 by 15:00, by far the highest of any role here.
  • + T2 factory reached in 97% of games by 4:15, fastest and most reliable T2 timing.
  • − Enemy metal destroyed stays at 0 through 10:00, no early offense at all.
  • − Own metal lost also near 0, showing total avoidance of combat risk.
THE EXAMPLE YOU ARE READING

Uncle_Cane

37.5 OS · 15/10/2026

Open source match ↗

4 received units
2364 metal received · 48360 energy received

Allied construction assistance is unknown. Timings are observations, not a promise of solo reproducibility.

Typical milestones

Bot Lab1:18Middle 50%: 1:13–1:32 · n=2103
Advanced Bot Lab4:16Middle 50%: 4:04–4:30 · n=2096
Advanced Metal Extractor5:28Middle 50%: 5:05–5:58 · n=2099

Played most by

Amrissa97games of this buildTheGeneraI70games of this buildAdeus62games of this buildUncle_Cane60games of this buildCrouxy54games of this build
Standard tech · Armada Tech (Eco) build order · BAR Build Atlas